 Dungeon Crawl Stone Soup version 0.23.2-33-g5129a83 (console) character file.

Game seed: 11394897293848235919

1391 asilano the Covert (level 8, -1/39 HPs)
             Began as a Spriggan Enchanter on July 23, 2019.
             Was an Initiate of Ashenzari.
             Slain by SkeletonJelly's ghost (18 damage)
             ... on level 7 of the Dungeon on July 24, 2019.
             The game lasted 00:41:25 (7631 turns).

asilano the Covert (Spriggan Enchanter)             Turns: 7631, Time: 00:41:26

Health: -1/39      AC: 10    Str:  4    XL:     8   Next: 40%
Magic:  10/16      EV: 20    Int: 18    God:    Ashenzari [......]
Gold:   361        SH:  0    Dex: 17    Spells: 10/17 levels left

rFire    . . .     SeeInvis +   a - +1 dagger (protect)
rCold    . . .     Gourm    .   (shield restricted)
rNeg     . . .     Faith    .   E - +0 robe {MR+} (curse)
rPois    .         Spirit   .   (helmet restricted)
rElec    .         Reflect  .   g - +0 cloak
rCorr    .         Harm     .   (gloves unavailable)
MR       ++...                  (boots unavailable)
Stlth    ++++......             (no amulet)
HPRegen  0.13/turn              (no ring)
MPRegen  0.15/turn              (no ring)

@: protection aura, very quick
A: very small, unfitting armour, see invisible, herbivore, speed 3, slow
metabolism 2
a: Curse Item, Renounce Religion


You were on level 7 of the Dungeon.
You worshipped Ashenzari.
Ashenzari was noncommittal.
You were not hungry.

You visited 2 branches of the dungeon, and saw 8 of its levels.

You collected 361 gold pieces.

Inventory:

Hand Weapons
 a - a +1 dagger of protection (weapon)
 n - a +0 antimagic short sword
Missiles
 i - 232 stones (quivered)
 j - 98 arrows
Armour
 g - a +0 cloak (worn)
 E - a cursed +0 robe of magic resistance (worn)
Wands
 s - a wand of random effects (45)
 F - a wand of acid (8)
 G - a wand of scattershot (6)
 H - a wand of flame (10)
 I - a wand of iceblast (7)
Scrolls
 c - 3 scrolls of enchant weapon {unknown}
 h - 2 scrolls of enchant armour {unknown}
 m - 2 scrolls of immolation
 q - 6 scrolls of amnesia
 r - 4 scrolls of teleportation {unknown}
 t - 3 scrolls of remove curse
 u - a scroll of fear {unknown}
 w - a scroll of blinking {unknown}
 x - 5 scrolls of identify
 y - 2 scrolls of magic mapping {unknown}
 B - a scroll of fog {unknown}
Potions
 b - a potion of ambrosia {unknown}
 e - 3 potions of heal wounds
 f - a potion of invisibility {unknown}
 k - a potion of flight {unknown}
 l - 3 potions of might {unknown}
 o - a potion of curing {unknown}
 p - 2 potions of resistance {unknown}
 v - 2 potions of degeneration {unknown}
 z - a potion of brilliance {unknown}
 A - a potion of mutation {unknown}
 C - a potion of haste {unknown}
 D - 2 potions of agility {unknown}
Comestibles
 d - 10 rations


   Skills:
 + Level 2.2 Fighting
 - Level 5.0 Short Blades
 + Level 5.2 Dodging
 - Level 8.1 Stealth
 - Level 5.0 Spellcasting
 - Level 8.1 Hexes


You had 10 spell levels left.
You knew the following spells:

 Your Spells              Type           Power        Failure   Level  Hunger
a - Sticks to Snakes      Tmut           #.......     21%         2    #......
b - Ensorcelled Hibernat  Hex/Ice        ###...       3%          2    #......
c - Confuse               Hex            ####....     1%          3    ##.....

Your spell library contained the following spells:

 Spells                   Type           Power        Failure   Level  Hunger
 Corona                   Hex            ####...      1%          1    None
 Tukima's Dance           Hex            ####....     1%          3    ##.....
 Dazzling Spray           Conj/Hex       ###...       8%          3    ##.....
 Beastly Appendage        Tmut           #.....       13%         1    None
 Freeze                   Ice            #...         13%         1    None
 Throw Frost              Conj/Ice       #.....       21%         2    #......
 Ozocubu's Armour         Chrm/Ice       #.......     36%         3    ##.....
 Spider Form              Tmut/Pois      #.........   36%         3    ##.....
 Ice Form                 Ice/Tmut       #.......     78%         4    ####...
 Summon Ice Beast         Ice/Summ       #.......     78%         4    ####...
 Throw Icicle             Conj/Ice       #.......     78%         4    ####...
 Blade Hands              Tmut           #.........   98%         5    ######.


Dungeon Overview and Level Annotations

Branches:
Dungeon (7/15)             Temple (1/1) D:5

Altars:
Ashenzari
Dithmenos
Elyvilon
Fedhas
Gozag
Hepliaklqana
Kikubaaqudgha
Makhleb
Nemelex Xobeh
Okawaru
Qazlal
Ru
Trog
Uskayaw
Vehumet
Wu Jian
Xom
Yredelemnul
Zin
The Shining One

Shops:
D:6 [

Annotations:
D:7 1 transporter, SkeletonJelly's ghost, novice TrFi


Innate Abilities, Weirdness & Mutations

You are very small and have problems with some larger weapons.
You are too small for most types of armour.
You have supernaturally acute eyesight. (SInv)
You are a herbivore.
You cover ground extremely quickly.
You need to consume almost no food.


Message History

You see here a moth of wrath corpse.
The gnoll sergeant hits you from afar with a +5 spear of piercing.
Casting: Ensorcelled Hibernation (safe; 3% risk of failure)
Confirm with . or Enter, or press ? or * to list all spells.
Aiming: Ensorcelled Hibernation (safe; 3% risk of failure)
Press: ? - help, Shift-Dir - straight line, f - gnoll sergeant
Aim: a gnoll sergeant, wielding a +5 spear of piercing, wearing a +0 ring mail and wearing a +1 buckler (chance to defeat MR: 50%)
Okay, then.
Casting: Ensorcelled Hibernation (safe; 3% risk of failure)
Confirm with . or Enter, or press ? or * to list all spells.
Aiming: Confuse (safe; 1% risk of failure)
Press: ? - help, Shift-Dir - straight line, f - gnoll sergeant
Aim: a gnoll sergeant, wielding a +5 spear of piercing, wearing a +0 ring mail and wearing a +1 buckler (chance to defeat MR: 62%)
The gnoll sergeant appears confused.
The gnoll sergeant cries.
You catch the helpless gnoll sergeant completely off-guard!
You impale the gnoll sergeant!!
The gnoll sergeant is almost dead.
The troll closely misses you. The troll misses you.
The troll closely misses you. SkeletonJelly's ghost hits you!!
You die...

#...# #... ....
###<..####.####.#
.####...............##
.............#####...##
.####......###.©.###..#
###...## ##....##.##
#...#####$..T##..#
#..##.#≈#.###.##.##
##..#..##%..≈##.#..##
.(#####..©#..Kg?_.##.T#©..#
#....$....#†W@.$......#...#
..........##T##≈#....##...#
#..####....#..###....#...####.
.. ##..#.###..#...##......>.
#...#..###...###..#######
#........#####...##
#...####.......### ..........#
######### ##.########


You could see a troll, a big kobold, a gnoll sergeant (confused) and
SkeletonJelly's ghost.

Vanquished Creatures
  A moth of wrath (D:7)
  Edmund (D:4)
  Menkaure (D:5)
  An ogre (D:5)
  A crocodile (D:7)
  A bullfrog (D:6)
  2 scorpions
  A bullfrog zombie (D:6)
  A bullfrog skeleton (D:7)
  3 orc priests
  3 orc wizards
  2 worker ants (D:4)
  A hound zombie (D:5)
  Robin (D:4)
  7 adders
  A howler monkey skeleton (D:6)
  A shadow imp (D:6)
  An adder skeleton (D:4)
  6 worms
  4 dart slugs
  6 leopard geckos
  8 orcs
  3 ball pythons
  5 bats
  A giant cockroach (D:3)
  9 goblins
  8 hobgoblins
  10 jackals
  9 kobolds
  3 quokkas
  5 frilled lizards
  A jackal zombie (D:3)
  A quokka skeleton (D:4)
  10 rats
  A spectral orc (D:4)
120 creatures vanquished.

Notes
Turn   | Place    | Note
-------+----------+-------------------------------------------
     0 | D:1      | asilano the Spriggan Enchanter began the quest for the Orb.
     0 | D:1      | Reached XP level 1. HP: 9/9 MP: 5/5
   319 | D:1      | Reached XP level 2. HP: 9/13 MP: 6/6
   323 | D:1      | Learned a level 2 spell: Ensorcelled Hibernation
   426 | D:1      | Reached skill level 5 in Stealth
  1242 | D:1      | Reached XP level 3. HP: 14/16 MP: 2/8
  1329 | D:2      | Learned a level 3 spell: Confuse
  1945 | D:2      | Reached XP level 4. HP: 21/21 MP: 9/9
  2973 | D:3      | Found a faded altar of an unknown god.
  3175 | D:4      | Noticed an ogre
  3951 | D:4      | Noticed Robin
  3974 | D:4      | Reached XP level 5. HP: 22/24 MP: 7/10
  3995 | D:4      | Killed Robin
  4508 | D:4      | Noticed Edmund
  4599 | D:4      | Killed Edmund
  4599 | D:4      | Reached XP level 6. HP: 28/28 MP: 3/11
  4733 | D:4      | Found a blossoming altar of Fedhas.
  4885 | D:4      | Found a basalt altar of Yredelemnul.
  4979 | D:4      | Reached skill level 5 in Short Blades
  5119 | D:4      | Found a hazy altar of Hepliaklqana.
  5299 | D:5      | Entered Level 5 of the Dungeon
  5524 | D:5      | Found a staircase to the Ecumenical Temple.
  5529 | D:5      | Reached skill level 5 in Hexes
  5529 | D:5      | Reached XP level 7. HP: 32/32 MP: 12/14
  5532 | Temple   | Entered the Ecumenical Temple
  5668 | Temple   | Became a worshipper of Ashenzari the Shackled
  5783 | D:5      | Noticed Menkaure
  5788 | D:5      | Killed Menkaure
  6185 | D:6      | Reached skill level 5 in Spellcasting
  7028 | D:6      | Learned a level 2 spell: Sticks to Snakes
  7050 | D:6      | Found a burning altar of Makhleb.
  7132 | D:6      | Found a shattered altar of Ashenzari.
  7236 | D:6      | Identified the +1 robe of the Devil's Team {rCorr Int-2
                  | Slay+5 SInv}
  7334 | D:6      | Found Hurghaack's Armour Shop.
  7518 | D:7      | Found a transporter.
  7560 | D:7      | Reached XP level 8. HP: 36/36 MP: 14/16
  7571 | D:7      | Noticed a moth of wrath
  7573 | D:7      | Noticed SkeletonJelly's ghost (novice TrFi)
  7574 | D:7      | Found a bloodstained altar of Trog.
  7574 | D:7      | Noticed a troll
  7583 | D:7      | Found a transporter.
  7609 | D:7      | HP: 1/36 [gnoll sergeant/+5 spear of piercing (5)]
  7624 | D:7      | Killed a moth of wrath
  7624 | D:7      | Reached skill level 5 in Dodging
  7631 | D:7      | Slain by SkeletonJelly's ghost

Skill      XL: |  1  2  3  4  5  6  7  8 |
---------------+-------------------------+-----
Stealth        | 5 6 7 8 |  8.1
Short Blades   | 2 3 4 5 |  5.0
Hexes          | 5 8 |  8.1
Spellcasting   | 4 5 |  5.0
Fighting       | 2 |  2.2
Dodging        | 5 |  5.2

Action                   |  1- 3 |  4- 6 |  7- 9 || total
-------------------------+-------+-------+-------++-------
Melee: Dagger            |    91 |   227 |    50 ||   368
 Cast: Ensorcelled Hiber |    20 |    55 |    27 ||   102
       Confuse           |       |    12 |     6 ||    18
Invok: Curse Item        |       |       |     1 ||     1
  Use: Scroll            |       |     4 |     1 ||     5
       Potion            |       |       |     1 ||     1
 Stab: Sleeping          |    21 |    43 |    15 ||    79
       Distracted        |       |     1 |       ||     1
       Confused          |       |     3 |     4 ||     7
  Eat: Ration            |       |     5 |     1 ||     6
Armor: Robe              |    14 |    32 |     5 ||    51
Dodge: Dodged            |    97 |   134 |    45 ||   276
